Map: Rovine di Seras

Players

Jhyrachy

  • Race: Zerg Zerg
  • League: Silver

illusio - Winner!

  • Race: Terran Terran
  • League: Diamond

VOD

Have the link to the VOD?

Description

Time

  • Played on: Dec. 19, 2015, 11:37 a.m.
  • Length: 14:49
Show
View Real Time Build Order
Export as new Build Order

Jhyrachy Zerg 

Build Orders: Hatch First 

Get SALT Encoding   

  12  0:02  Drone  
  13  0:09  Drone  
  14  0:20  Extractor  
  13  0:22  Extractor, Drone x2  
  13  0:28  Overlord  
  16  0:47  Drone  
  16  0:48  Drone  
  18  1:02  Hatchery  
  17  1:04  Extractor  
  17  1:07  Drone  
  17  1:17  Spawning Pool  
  16  1:21  Drone  
  16  1:24  Drone  
  18  1:31  Overlord  
  18  1:43  Drone  
  19  2:06  Metabolic Boost  
  19  2:08  Queen  
  19  2:14  Queen  
  23  2:20  Drone x2  
  25  2:22  Overlord  
  25  2:31  Baneling Nest  
  25  2:33  Zergling x2  
  25  2:42  Drone  
  24  3:14  Spine Crawler  
  23  3:23  Drone  
  23  3:24  Drone  
  23  3:26  Drone x2  
  27  3:28  Zergling x4  
  27  3:33  Spine Crawler  
  28  3:37  Queen  
  29  3:55  Extractor  
  28  4:31  Drone x4  
  31  4:35  Extractor  
  31  4:36  Zergling x10  
  36  4:59  Baneling  
  36  5:00  Baneling x3  
  36  5:04  Lair  
  36  5:10  Drone x5  
  41  5:14  Roach Warren  
  41  5:17  Drone  
  41  5:18  Drone x3  
  41  5:20  Overlord  
  44  6:07  Glial Reconstitution  
  44  6:09  Roach  
  44  6:10  Roach x3  
  52  6:14  Overlord x3  
  52  6:27  Hatchery  
  52  6:32  Queen  
  53  6:34  Ravager x3  
  56  6:41  Spore Crawler  
  56  6:46  Spore Crawler  
  54  6:48  Overseer  
  44  7:19  Queen  
  46  7:50  Queen  
  48  7:53  Roach x4  
  48  7:54  Roach x13  
  48  7:56  Overlord x3  
  82  8:17  Tunneling Claws  
  82  8:20  Burrow  
  82  8:26  Drone x4  
  82  8:27  Drone  
  87  8:57  Ravager x2  
  87  8:58  Ravager x2  
  88  9:30  Drone  
  88  9:31  Drone x3  
  92  9:56  Overlord  
  92  9:57  Overlord x3  
  92  10:28  Roach  
  92  10:29  Roach x17  
  126  10:55  Ravager x5  
  74  11:49  Drone x2  
  74  11:50  Drone x2  
  78  12:02  Zergling x2  
  78  12:03  Zergling x8  
  78  12:04  Zergling x4  
  78  12:05  Hatchery  
  78  12:06  Roach  
  78  12:07  Roach x9  
  104  12:18  Roach x5  
  113  12:44  Overseer  
  113  13:19  Queen  
  105  13:55  Queen  
  105  14:00  Roach x7  
  105  14:01  Roach x7  
  135  14:03  Overlord x3  
  135  14:10  Roach x14  
Show
View Real Time Build Order
Export as new Build Order

illusio Terran - Winner!

Build Orders: MMM Bio 

Get SALT Encoding   

  12  0:01  SCV  
  13  0:13  SCV  
  14  0:18  Supply Depot  
  14  0:25  SCV  
  15  0:40  SCV  
  16  0:42  Barracks  
  16  0:51  Refinery  
  16  0:52  SCV  
  17  1:04  SCV  
  17  1:10  Supply Depot  
  18  1:16  SCV  
  19  1:28  SCV  
  20  1:40  Barracks  
  20  1:42  Reaper  
  22  1:52  Orbital Command  
  21  2:14  Reaper  
  22  2:18  Command Center  
  22  2:22  SCV  
  23  2:29  Reaper  
  24  2:34  Supply Depot  
  25  3:00  SCV  
  25  3:03  Refinery  
  26  3:06  Barracks Reactor  
  26  3:09  Barracks  
  25  3:24  SCV  
  25  3:26  Barracks Reactor  
  26  3:33  Supply Depot  
  26  3:36  SCV  
  26  3:40  Factory  
  27  3:41  Orbital Command  
  27  3:43  Marine x2  
  27  3:48  SCV  
  27  3:58  Barracks Reactor  
  27  4:00  SCV  
  27  4:01  Barracks Tech Lab  
  28  4:03  Marine x2  
  28  4:05  Marine x2  
  28  4:08  SCV  
  33  4:12  SCV  
  33  4:15  Bunker  
  34  4:24  Marine  
  34  4:25  Marine x2  
  34  4:26  Marine  
  34  4:27  Marauder  
  34  4:30  SCV  
  34  4:31  SCV  
  42  4:36  Factory Tech Lab  
  42  4:43  Starport, SCV  
  43  4:48  SCV  
  44  4:56  Marine x2  
  44  4:59  Marauder, Supply Depot  
  48  5:00  Marine x2, SCV  
  48  5:05  Siege Tank  
  54  5:10  Stimpack  
  54  5:12  SCV  
  54  5:13  Liberator  
  55  5:15  SCV  
  56  5:24  Marine x2, SCV  
  56  5:25  Marine x2  
  56  5:28  SCV  
  62  5:30  Supply Depot  
  65  5:36  SCV  
  66  5:44  Widow Mine  
  66  5:47  Marine x2  
  70  5:52  Marine x2  
  70  5:56  Supply Depot  
  72  5:58  Engineering Bay  
  72  5:59  Engineering Bay  
  72  6:05  Marauder  
  74  6:13  Widow Mine, Supply Depot  
  74  6:17  Supply Depot  
  74  6:18  SCV x2  
  78  6:30  SCV x2  
  80  6:36  Marauder, Marine  
  80  6:37  Marine x2  
  80  6:38  Marine, Supply Depot  
  86  6:42  Widow Mine  
  88  6:50  Medivac  
  90  6:54  Marine  
  90  6:57  Marauder  
  90  6:59  Command Center  
  93  7:09  Marine  
  93  7:10  Marine  
  93  7:11  Marine  
  93  7:12  Widow Mine, Marine  
  99  7:19  Marauder  
  101  7:33  Refinery  
  101  7:35  Refinery  
  101  7:38  Terran Infantry Weapons Level 1  
  101  7:39  Terran Infantry Armor Level 1  
  101  7:40  Marauder  
  101  7:43  Armory  
  100  7:52  Missile Turret  
  100  7:54  Missile Turret  
  100  7:57  Missile Turret  
  100  8:00  Missile Turret  
  100  8:01  Marine x2  
  100  8:02  Missile Turret  
  100  8:03  Missile Turret, Marauder  
  104  8:06  Starport Reactor  
  104  8:07  Missile Turret x2  
  104  8:12  Siege Tank  
  107  8:29  Planetary Fortress  
  107  8:46  Marine x2  
  107  8:48  Marauder, Marine  
  111  8:49  Marine  
  113  8:56  Combat Shields  
  112  9:06  Marine  
  112  9:07  Marine  
  112  9:08  Marine  
  112  9:09  Marauder  
  107  9:30  Marauder  
  109  9:34  Medivac  
  109  9:35  Medivac  
  113  9:40  Barracks  
  113  9:41  Barracks  
  113  9:42  Barracks  
  113  9:46  Supply Depot x2  
  113  9:47  Supply Depot  
  113  9:49  SCV x2  
  113  9:50  SCV  
  113  9:52  Marauder  
  118  9:58  Command Center  
  118  9:59  Command Center  
  118  10:01  SCV  
  118  10:02  SCV  
  118  10:04  Medivac  
  118  10:06  Marine x3  
  125  10:07  Marine  
  125  10:08  Siege Tank  
  125  10:13  Marauder  
  131  10:21  Refinery  
  131  10:23  Refinery  
  131  10:24  Marine x2  
  131  10:27  Medivac  
  135  10:34  Marine, Medivac  
  138  10:46  Barracks Tech Lab x2  
  138  10:47  Barracks Tech Lab  
  138  10:57  Medivac  
  97  11:28  Marine x2  
  97  11:30  Marine x2  
  97  11:32  Marauder, Terran Infantry Weapons Level 2  
  91  11:33  Terran Infantry Armor Level 2  
  91  11:37  Marauder x3  
  97  11:46  Marine x2  
  99  11:47  Marine  
  99  11:50  Liberator  
  99  11:51  Liberator  
  99  11:53  Marauder  
  102  11:56  Orbital Command  
  102  11:58  Marauder  
  102  11:59  Marauder x2  
  102  12:00  Planetary Fortress  
  108  12:04  Marine  
  115  12:14  Marauder  
  117  12:16  Concussive Shells  
  117  12:17  Marine x2  
  117  12:19  Marine  
  117  12:20  Marauder x2  
  117  12:22  Marine  
  125  12:35  Marine x2  
  125  12:36  Marauder  
  129  12:37  Marine  
  129  12:39  Marine  
  129  12:41  Marauder  
  133  12:53  Marine x2  
  133  12:55  Marine  
  133  12:57  Marine  
  137  13:07  Liberator  
  129  13:17  Marauder x3  
  129  13:18  Marauder  
  129  13:19  Marine x4  
  141  13:21  Siege Tank  
  140  13:37  Marine x2  
  140  13:39  Marauder x4  
  150  13:50  Marine x2  
  150  13:53  Siege Tank  
  150  13:54  Marine  
  156  13:58  Viking  
  156  14:00  Marauder x4  
  166  14:07  Viking  
  158  14:21  Marauder  
Tags
 
Add a new tag
Caveats
  • Supply blocks, unpowered buildings, or Contaminate may cause inaccurate times.
  • Supply counts are checked every 10 seconds.